 Dungeon Crawl Stone Soup version 0.16-a0-3807-g3748f16 (webtiles) character file.

811 MDvedh the Carver (level 8, -9/58 HPs)
             Began as a Formicid Fighter on Jan 27, 2015.
             Mangled by an ogre
             ... wielding a +0 giant spiked club
              (11 damage)
             ... on level 6 of the Dungeon.
             The game lasted 00:11:41 (4721 turns).

MDvedh the Carver (Formicid Fighter)                Turns: 4721, Time: 00:11:42

Health: -9/58      AC: 12    Str: 21    XL:     8   Next: 15%
Magic:  11/11      EV:  4    Int:  8    God:
Gold:   309        SH:  9    Dex: 12    Spells: 0 memorised, 7 levels left

rFire  . . .     SeeInvis +     a - +0 long sword
rCold  . . .     Clarity  .     t - +0 plate armour
rNeg   . . .     SustAb   .     c - +0 shield
rPois  .         Gourm    .     (helmet unavailable)
rElec  .         Spirit   .     n - +0 cloak
rCorr  .         Warding  .     (no gloves)
rMut   .         Stasis   +     (no boots)
MR     .....                    (no amulet)
Stlth  ..........               u - ring of stealth
                                (no ring)

@: not resistant to hostile enchantments, extremely unstealthy
A: permanent stasis, dig shafts and tunnels, four strong arms, antennae 3
a: Dig, Shaft Self


You were on level 6 of the Dungeon.
You were not hungry.

You visited 2 branches of the dungeon, and saw 7 of its levels.

You collected 309 gold pieces.

Inventory:

Hand weapons
 a - a +0 long sword (weapon)
Armour
 c - a +0 shield (worn)
 n - a +0 cloak (worn)
 t - a +0 plate armour (worn)
Jewellery
 u - a ring of stealth (right hand)
Magical devices
 j - a wand of polymorph (16)
 v - a wand of polymorph (9)
 x - a wand of magic darts (46)
Scrolls
 b - a scroll of fear
 d - a scroll of random uselessness
 l - 4 scrolls of magic mapping
 m - 4 scrolls of identify
 p - 4 scrolls of remove curse
 w - a scroll of amnesia
Potions
 e - a potion of might
 h - a potion of curing
 i - a potion of heal wounds
 k - 2 potions of cancellation
 q - a potion of brilliance {unknown}
 r - a potion of magic
 s - a potion of resistance
 z - a potion of mutation {unknown}
Books
 g - a book of Power

   Spells                             Type                      Level
   a - Fulminant Prism                Conjuration/Hexes            4
   b - Iskenderun's Mystic Blast      Conjuration                  4
   c - Venom Bolt                     Conjuration/Poison           5
   d - Bolt of Magma                  Conjuration/Fire/Earth       5
   e - Iron Shot                      Conjuration/Earth            6
   f - Orb of Destruction             Conjuration                  7
   g - Spellforged Servitor           Conjuration/Summoning        7
Comestibles
 f - 6 meat rations
 o - a beef jerky


   Skills:
 - Level 3.2 Fighting
 + Level 8.8 Long Blades
 - Level 3.2 Armour
 - Level 3.6 Shields


You had 7 spell levels left.
You didn't know any spells.

Dungeon Overview and Level Annotations

Branches:
Dungeon (6/15)             Temple (1/1) D:5

Altars:
Ashenzari
Cheibriados
Dithmenos
Elyvilon
Fedhas
Kikubaaqudgha
Nemelex Xobeh
Okawaru
Qazlal
Trog
Vehumet
Xom
Yredelemnul
Zin
The Shining One


Innate Abilities, Weirdness & Mutations

You are under a permanent stasis effect.
You can dig through walls and to a lower floor.
Your four strong arms can wield two-handed weapons with a shield.
You have a pair of large antennae on your head (SInv).


Message History

Your plate armour prevents you from hitting the ogre.
The ogre is almost dead.
The ogre hits you with a giant spiked club!
* * * LOW HITPOINT WARNING * * *
Unknown command.
Your shield and plate armour prevent you from hitting the ogre.
The ogre is almost dead.
Unknown command.
You hit the ogre.
The ogre is almost dead.
The ogre barely misses you.
Unknown command.
You closely miss the ogre.
The ogre is almost dead.
The ogre barely misses you.
Unknown command.
You hit the ogre.
The ogre is almost dead.
The ogre hits you with a giant spiked club!
You die...

#+#####+
#........
#.........
#.........
####.........
#..#..........
#..#.@O.......
#..[[[...#.###
#....[##.#
#.....# #
#.....#
#########.....#
#<...(†....####
#########.##
#...


You could see an ogre.

Vanquished Creatures
  Sigmund (D:5)
  A giant frog (D:5)
  A scorpion (D:4)
  3 hounds
  4 orc priests
  An iguana (D:4)
  4 orc wizards
  3 worker ants (D:4)
  A hound zombie (D:6)
  A hound skeleton (D:5)
  3 gnolls (D:3)
  3 adders
  A worm (D:2)
  A giant mite (D:2)
  An adder skeleton (D:5)
  3 giant geckos
  11 orcs
  4 ball pythons
  14 bats
  A bat skeleton (D:5)
  6 giant cockroaches
  6 goblins
  10 hobgoblins
  10 kobolds
  2 giant gecko zombies (D:5)
  4 giant newts
  9 jackals
  A jackal skeleton (D:4)
  2 quokkas
  13 rats
125 creatures vanquished.

Notes
Turn   | Place    | Note
--------------------------------------------------------------
     0 | D:1      | MDvedh, the Formicid Fighter, began the quest for the Orb.
     0 | D:1      | Reached XP level 1. HP: 18/18 MP: 1/1
    66 | D:1      | Reached XP level 2. HP: 22/24 MP: 3/3
   121 | D:1      | Found an iron altar of Okawaru.
   508 | D:1      | Reached XP level 3. HP: 29/29 MP: 4/4
  1079 | D:2      | Reached skill level 4 in Long Blades
  1079 | D:2      | Reached XP level 4. HP: 31/35 MP: 5/5
  1462 | D:2      | Found a shadowy altar of Dithmenos.
  1925 | D:3      | Reached XP level 5. HP: 17/41 MP: 7/7
  1930 | D:3      | Reached skill level 5 in Long Blades
  2602 | D:3      | Found a glowing golden altar of the Shining One.
  2726 | D:3      | Reached XP level 6. HP: 40/47 MP: 8/8
  2859 | D:3      | Found a stormy altar of Qazlal.
  2892 | D:3      | Found a radiant altar of Vehumet.
  2896 | D:3      | Reached skill level 6 in Long Blades
  3386 | D:4      | Gained mutation: Your mind is acute. (Int +2) [potion of beneficial mutation]
  3722 | D:4      | Reached skill level 7 in Long Blades
  3722 | D:4      | Reached XP level 7. HP: 52/52 MP: 9/9
  3902 | D:4      | Lost mutation: Your mind is acute. (Int +2) [potion of cure mutation]
  3911 | D:5      | Entered Level 5 of the Dungeon
  3925 | D:5      | Noticed Sigmund
  3934 | D:5      | Killed Sigmund
  3956 | D:5      | Found a staircase to the Ecumenical Temple.
  3984 | Temple   | Entered the Ecumenical Temple
  4207 | D:5      | Reached skill level 8 in Long Blades
  4541 | D:5      | Reached XP level 8. HP: 45/58 MP: 11/11
  4717 | D:6      | HP: 1/58 [ogre/giant spiked club (12)]
  4721 | D:6      | Mangled by an ogre

Action                   |  1- 3 |  4- 6 |  7- 9 || total
-------------------------+-------+-------+-------++-------
Melee: Long sword        |   134 |   231 |   170 ||   535
  Use: Potion            |       |     8 |     2 ||    10
       Scroll            |       |    13 |     3 ||    16
  Eat: Chunk             |       |     5 |       ||     5
       Bread ration      |       |     1 |     1 ||     2
